 Dungeon Crawl Stone Soup version 0.30-a0-122-g2a1322497e (webtiles) character file.

Game seed: 7269550759672830429

58 Newt the Trooper (level 3, -1/29 HPs)
             Began as a Demonspawn Gladiator on Sept 15, 2022.
             Slain by a quokka (4 damage)
             ... while paralysed by Grinder
             ... on level 3 of the Dungeon.
             The game lasted 00:01:53 (1646 turns).

Newt the Trooper (Demonspawn Gladiator)             Turns: 1646, Time: 00:01:54

Health: -1/29      AC:  4    Str: 16    XL:     3   Next: 75%
Magic:  3/3        EV:  2    Int:  9    God:
Gold:   160        SH:  0    Dex: 14    Spells: 2/2 levels left

rFire   . . .      SeeInvis .    q - +4 hand axe (flame)
rCold   . . .      Faith    .    n - orb {light}
rNeg    . . .      Spirit   .    b - +0 leather armour
rPois   .          Reflect  .    c - +0 helmet
rElec   .          Harm     +    i - scarf {harm}
rCorr   .          Rampage  .    (no gloves)
Will    .....                    (no boots)
Stlth   +.........               (no amulet)
HPRegen 0.09/turn                (no ring)
MPRegen 0.08/turn                (no ring)

@: paralysed, glowing
A: hooves 1
a: no special abilities


You were on level 3 of the Dungeon.
You visited 1 branch of the dungeon, and saw 3 of its levels.

You collected 160 gold pieces.

Inventory:

Hand Weapons
 a - a +0 rapier
 q - a +4 hand axe of flaming (weapon)
Missiles
 d - 2 throwing nets (quivered)
 e - a javelin
Armour
 b - a +0 leather armour (worn)
 c - a +0 helmet (worn)
 i - a scarf of harm (worn)
 n - an orb of light (worn)
Scrolls
 f - 3 scrolls of identify {unknown}
 g - 3 scrolls of blinking {unknown}
 j - 2 scrolls of teleportation {unknown}
 l - a scroll of enchant armour {unknown}
 r - a scroll of vulnerability {unknown}
 s - 3 scrolls of butterflies {unknown}
Potions
 h - a potion of brilliance {unknown}
 k - 3 potions of curing {unknown}
 m - a potion of heal wounds {unknown}
 o - a potion of might {unknown}
 p - a potion of lignification {unknown}


   Skills:
 + Level 3.4 Fighting
 - Level 2.6 Short Blades
 - Level 1.7 Throwing
 - Level 2.6 Dodging
 - Level 2.0 Stealth


You had 2 spell levels left.
You didn't know any spells.
Your spell library contained the following spells:

 Spells                   Type           Power      Damage    Failure   Level
 Apportation              Tloc           0%         N/A       45%         1
 Necrotise                Necr           0%         1d4       45%         1
 Summon Small Mammal      Summ           0%         N/A       45%         1
 Blink                    Tloc           0%         N/A       58%         2
 Lesser Beckoning         Tloc           0%         N/A       83%         3
 Manifold Assault         Tloc           0%         N/A       99%         4
 Alistair's Intoxication  Tmut/Pois      0%         N/A       100%        5


Dungeon Overview and Level Annotations

Branches:
Dungeon (3/15)

Altars:

Annotations:
D:3 Grinder


Innate Abilities, Weirdness & Mutations

You have large cloven feet.


Message History

Grinder gestures at you.
You suddenly lose the ability to move!
A quokka comes into view.
Grinder hits you!
You writhe in agony.
You can move again.
You hit Grinder. You burn Grinder. You kick Grinder.
Grinder is heavily wounded.
You hit the kobold. You burn the kobold.
You kill the kobold!
Grinder closely misses you.
Unknown command.
Throw: 3 throwing nets
Press: ? - help, Q - select action, (/) - cycle Shift-Dir - straight line, f - Grinder
Aim: Grinder (heavily wounded, haloed, 74% to hit)
You throw a throwing net. The throwing net hits Grinder.
Grinder is caught in the net!
Grinder is heavily wounded.
A goblin comes into view. It is wielding a +0 dagger.
Grinder struggles against the net.
You hit Grinder. You burn Grinder.
Grinder is severely wounded.
You hit the ball python but do no damage.
The ball python bites you but does no damage.
The ball python grabs you. The ball python constricts you.
Grinder struggles against the net.
Unknown command.
You hit Grinder. You burn Grinder.
Grinder is almost dead.
You hit the ball python. You burn the ball python.
You kill the ball python!
Grinder gestures at you.
You suddenly lose the ability to move!
Grinder struggles against the net.
Grinder struggles against the net.
Grinder gestures at you. Pain shoots through your body!
* * * LOW HITPOINT WARNING * * *
Grinder struggles against the net.
The net rips apart, and Grinder comes free!
The quokka bites you.
You die...

# .# ... ... # .[#
##.########...#
##........@r..##
...........5......
#..###.####.#####
#.## .# #..###.#
##...##.#
..##.....#.#
...........#
#..##~.[....#


You could see Grinder and a quokka.

Vanquished Creatures
  An adder (D:2)
  2 dart slugs
  4 ball pythons
  4 bats
  5 endoplasms
  2 giant cockroaches (D:1)
  4 goblins
  7 hobgoblins
  A quokka (D:1)
  4 frilled lizards
  5 kobolds
  3 rats
42 creatures vanquished.

Notes
Turn   | Place    | Note
-------+----------+-------------------------------------------
     0 | D:1      | Newt the Demonspawn Gladiator began the quest for the Orb.
     0 | D:1      | Reached XP level 1. HP: 16/16 MP: 1/1
    56 | D:1      | Reached skill level 1 in Stealth
   274 | D:1      | Gained mutation: You have large cloven feet. [demonic
                  | ancestry]
   274 | D:1      | Reached XP level 2. HP: 14/22 MP: 2/2
  1052 | D:2      | Reached XP level 3. HP: 27/28 MP: 3/3
  1174 | D:2      | Reached skill level 3 in Fighting
  1632 | D:3      | Noticed Grinder
  1638 | D:3      | Paralysed by Grinder for 2 turns
  1643 | D:3      | Paralysed by Grinder for 5 turns
  1646 | D:3      | Slain by a quokka

Illustrated notes

Levels and vault maps discovered:
D:1:      minmay_arrival_hallway, layout_basic
D:2:      layout_basic
D:3:      layout_loops_ring, nicolae_uskayaw_suspiria,
          nicolae_ecumenical_snake_handling, chequers_serial_rivers_small_b,
          uniq_grinder

Skill      XL: |  1  2  3 |
---------------+----------+-----
Stealth        | 1 2 |  2.0
Fighting       | 3 |  3.4
Short Blades   | |  2.6
Throwing       | |  1.7
Dodging        | |  2.6

Action                   || total
-------------------------++-------
Melee: Rapier            ||    67
       Hand axe          ||    34
       Kick              ||     9
Throw: Throwing net      ||     1
 Stab: Sleeping          ||     1
Armor: Leather armour    ||    38
Dodge: Dodged            ||    67

Table legend: (Time is in decaauts)
 A = Elapsed time spent in this place.
 B = Non-inter-level travel time spent in this place.
 C = Inter-level travel time spent in this place.
 D = Time resting spent in this place.
 E = Time spent auto-exploring this place.
 F = Levels seen in this place.
 G = Mean time per level.
                   A        B        C        D        E       F      G
               +--------+--------+--------+--------+--------+-----+--------+
         Total |   1659 |   1608 |     51 |      0 |   1321 |   3 |  553.0 |
       Dungeon |   1659 |   1608 |     51 |      0 |   1321 |   3 |  553.0 |
               +--------+--------+--------+--------+--------+-----+--------+

Top non-repeatable levels by time:
     D:1: 875 daAuts
     D:2: 686 daAuts
     D:3: 97 daAuts
